 Dungeon Crawl Stone Soup version 0.30.1-11-g7821555f0a (webtiles) character file.

Game seed: 9041917178430435543

807 BillyBaka the Shooter (level 8, 0/62 HPs)
             Began as a Formicid Hunter on Oct 29, 2023.
             Was an Initiate of the Shining One.
             Killed from afar by Dowan (3 damage)
             ... with a puff of flame
             ... on level 4 of the Dungeon.
             The game lasted 00:16:36 (3699 turns).

BillyBaka the Shooter (Formicid Hunter)             Turns: 3699, Time: 00:16:37

Health: 0/62       AC:  8    Str: 15    XL:     8   Next: 14%
Magic:  8/8        EV: 11    Int: 10    God:    the Shining One [......]
Gold:   272        SH:  0    Dex: 19    Spells: 7/7 levels left

rFire   + . .        a - +0 shortbow
rCold   . . .        (no shield)
rNeg    . . .        t - +2 ring mail {rF+}
rPois   .            (helmet unavailable)
rElec   .            (no cloak)
rCorr   .            m - +0 pair of gloves
SInv    +            (no boots)
Will    .....        (no amulet)
Stlth   +            (no ring)
HPRegen 0.30/turn    (no ring)
MPRegen 0.11/turn

%: no passive effects
@: weak-willed, attractive, flying, glowing
A: permanent stasis, dig shafts and tunnels, antennae 3, four strong arms
a: Dig, Shaft Self, Renounce Religion


You were on level 4 of the Dungeon.
You worshipped the Shining One.
The Shining One was noncommittal.
You visited 1 branch of the dungeon, and saw 6 of its levels.

You collected 272 gold pieces.

Inventory:

Hand Weapons
 a - a +0 shortbow (weapon)
Missiles
 l - 2 throwing nets
Armour
 m - a +0 pair of gloves (worn)
 t - a +2 ring mail of fire resistance (worn)
Wands
 p - a wand of iceblast (6)
 s - a wand of flame (28)
Scrolls
 b - 2 scrolls of immolation
 d - 3 scrolls of teleportation
 e - 3 scrolls of identify {unknown}
 g - 2 scrolls of blinking {unknown}
 n - a scroll of amnesia
 q - a scroll of silence {unknown}
 r - a scroll of enchant weapon {unknown}
Potions
 f - a potion of attraction
 h - 2 potions of curing
 i - a potion of mutation {unknown}


   Skills:
 + Level 5.0 Fighting
 * Level 7.2 Ranged Weapons
 + Level 0.6 Armour
 - Level 1.7 Dodging
 + Level 5.5 Stealth


You had 7 spell levels left.
You didn't know any spells.
Your spell library contained the following spells:

 Spells                   Type           Power      Damage    Failure   Level
 Lesser Beckoning         Tloc           0%         N/A       75%         2
 Momentum Strike          Conj/Tloc      0%         3d8       75%         2
 Frozen Ramparts          Ice            0%         1d1       92%         3
 Inner Flame              Hex/Fire       0%         N/A       92%         3
 Summon Guardian Golem    Hex/Summ       0%         N/A       92%         3
 Ice Form                 Ice/Tmut       0%         N/A       100%        4
 Summon Ice Beast         Ice/Summ       0%         N/A       100%        4
 Yara's Violent Unravell  Hex/Tmut       0%         3d3       100%        5
 Enfeeble                 Hex            0%         N/A       100%        7
 Orb of Destruction       Conj           0%         9d5       100%        7
 Spellforged Servitor     Conj/Summ      0%         N/A       100%        7
 Blink                    Tloc           Unusable   N/A       N/A         2

Dungeon Overview and Level Annotations

Branches:
Dungeon (6/15)
 Temple: D:4-7

Altars:
Makhleb
The Shining One

Annotations:
D:4 Dowan, Duvessa


Innate Abilities, Weirdness & Mutations

You cannot be hasted, slowed, berserked, paralysed or teleported.
You can dig through walls and to a lower floor.
You have a pair of large antennae on your head. (SInv)
Your four strong arms can wield two-handed weapons with a shield.


Message History

It was a potion of flight.
You feel very buoyant.
You fly up into the air.
Dowan misses you. Duvessa hits you but does no damage.
Duvessa attacks as you move away! Duvessa hits you with a +0 short sword.
* * * LOW HITPOINT WARNING * * *
Duvessa attacks as you move away! Duvessa hits you with a +0 short sword.
* * * LOW HITPOINT WARNING * * *
Duvessa attacks as you move away! Duvessa hits you with a +0 short sword.
* * * LOW HITPOINT WARNING * * *
Duvessa gestures with her weapon.
It was a potion of heal wounds.
You feel much better. Dowan hits you with a +0 dagger.
You shoot an arrow. The arrow hits Dowan!
Dowan is heavily wounded.
Dowan barely misses you.
You shoot an arrow. The arrow barely misses Dowan.
Dowan gestures at you while chanting. The puff of frost hits you!
* * * LOW HITPOINT WARNING * * *
You shoot an arrow.
The arrow hits Duvessa but does no damage.
Duvessa is heavily wounded.
Duvessa hits you but does no damage.
You shoot an arrow. The arrow barely misses Duvessa.
Dowan hits you with a +0 dagger.
* * * LOW HITPOINT WARNING * * *
Duvessa closely misses you. Dowan completely misses you.
Duvessa hits you but does no damage.
You shoot an arrow.
The arrow hits Duvessa but does no damage.
Duvessa is heavily wounded.
Dowan completely misses you. Duvessa hits you with a +0 short sword!
* * * LOW HITPOINT WARNING * * *
Okay, then.
As you read the scroll labelled NEMNAFA MUELAS, it crumbles to dust.
It is a scroll of amnesia.
You feel forgetful for a moment. Dowan casts a spell at you.
The puff of flame hits you. You resist.
You die...

........##..........##
#.......... #..........###
..........###............#
#..........##..........#.# #
#...........>..........#)#####
#.................######....##
#..........###..#.............
##..........####......#######†.
##..........#..@e.........## ##.
#..........##...e.###......# #.
##.........###............#.####.
...................####...#......
.#.................# ######.....
.#.........###.....# ##.....
.#.........# #...).# ###....>.
.#.........# #.....# ##........
.#.........# #.....# ###..##.....


You could see Duvessa (weak-willed) and Dowan (weak-willed).

Vanquished Creatures
  Grinder (D:3)
  Edmund (D:4)
  A phantom (D:6)
  A hound (D:4)
  An orc priest (D:4)
  Jessica (D:3)
  Ijyb (D:3)
  Natasha (thrice) (D:2)
  2 orc wizards
  Robin (D:3)
  3 gnolls (D:3)
  3 adders
  An ufetubus (D:4)
  A worm (D:3)
  2 dart slugs (D:4)
  8 orcs
  8 ball pythons
  2 endoplasms
  2 giant cockroaches
  15 goblins
  9 hobgoblins
  11 jackals
  3 quokkas
  5 bats
  2 frilled lizards (D:1)
  3 kobolds
  10 rats
101 creatures vanquished.

Notes
Turn   | Place    | Note
-------+----------+-------------------------------------------
     0 | D:1      | BillyBaka the Formicid Hunter began the quest for the Orb.
     0 | D:1      | Reached XP level 1. HP: 16/16 MP: 1/1
    57 | D:1      | Reached XP level 2. HP: 15/23 MP: 2/2
   304 | D:1      | Reached XP level 3. HP: 28/28 MP: 3/3
   309 | D:1      | Found a faded altar of an unknown god.
  1048 | D:2      | Reached XP level 4. HP: 23/34 MP: 4/4
  1177 | D:2      | You fall into a shaft and drop 1 floor!
  1196 | D:3      | Noticed Grinder
  1217 | D:3      | Killed Grinder
  1218 | D:3      | Reached skill level 5 in Ranged Weapons
  1218 | D:3      | Reached XP level 5. HP: 7/42 MP: 5/5
  1218 | D:3      | Reached XP level 6. HP: 8/48 MP: 6/6
  1471 | D:3      | Noticed Jessica
  1486 | D:3      | Killed Jessica
  1487 | D:3      | Reached skill level 6 in Ranged Weapons
  1491 | D:3      | Noticed Robin
  1504 | D:3      | Killed Robin
  1872 | D:2      | Noticed Natasha
  1908 | D:2      | Killed Natasha
  1909 | D:2      | Reached XP level 7. HP: 47/54 MP: 7/7
  1918 | D:2      | Noticed Natasha
  1922 | D:2      | Killed Natasha
  2062 | D:2      | Noticed Natasha
  2261 | D:2      | Killed Natasha
  2448 | D:3      | Found a burning altar of Makhleb.
  2448 | D:3      | Noticed a balrug
  2452 | D:3      | Noticed a smoke demon
  2452 | D:3      | Noticed a neqoxec
  2488 | D:3      | Noticed Ijyb
  2633 | D:3      | Killed Ijyb
  2754 | D:3      | Found a glowing golden altar of the Shining One.
  2759 | D:3      | Became a worshipper of the Shining One
  2855 | D:4      | The Shining One protects you from harm!
  3048 | D:4      | Reached skill level 5 in Stealth
  3249 | D:4      | Noticed Edmund
  3266 | D:4      | Killed Edmund
  3267 | D:4      | Reached skill level 7 in Ranged Weapons
  3267 | D:4      | Reached XP level 8. HP: 27/61 MP: 8/8
  3462 | D:4      | Reached skill level 5 in Fighting
  3462 | D:4      | Noticed Duvessa
  3464 | D:4      | Noticed Dowan
  3478 | D:4      | You fall into a shaft and drop 2 floors!
  3659 | D:5      | Entered Level 5 of the Dungeon
  3698 | D:4      | HP: 3/62 [Duvessa/+0 short sword (9)]
  3699 | D:4      | Killed from afar by Dowan

Illustrated notes

Levels and vault maps discovered:
D:1:      sevenhm_arrival_forest_fort_large_4, layout_loops_ring,
          chequers_ecumenical_altar_simple, due_unseen_surprise
D:2:      layout_basic, uniq_natasha
D:3:      layout_basic, mainiacjoe_overflow_alcove_1, makhleb_altar_promises_db,
          uniq_jessica, uniq_robin, uniq_grinder, uniq_ijyb
D:4:      layout_rooms, uniq_edmund, uniq_duvessa
D:5:      layout_cave_pods
D:6:      layout_layer_cave, chequers_temple_overflow_statue_of_worship

Skill      XL: |  1  2  3  4  5  6  7  8 |
---------------+-------------------------+-----
Stealth        | 2 3 4 5 |  5.5
Fighting       | 3 4 5 |  5.0
Ranged Weapons | 5 6 7 |  7.2
Armour         | |  0.6
Dodging        | |  1.7

Action                     |  1- 3 |  4- 6 |  7- 9 || total
---------------------------+-------+-------+-------++-------
  Melee: Shortbow          |       |       |     7 ||     7
   Fire: Shortbow          |    97 |   102 |   186 ||   385
Ability: Dig               |     1 |       |     1 ||     2
         Shaft Self        |       |       |     1 ||     1
    Use: Potion            |       |     1 |     3 ||     4
         Scroll            |       |     1 |     2 ||     3
 Armour: Leather armour    |    26 |     7 |    18 ||    51
         Ring mail         |       |       |    25 ||    25
  Dodge: Dodged            |    62 |    37 |    66 ||   165
